 Dungeon Crawl Stone Soup version 0.23.2-30-g0e89c35649 (webtiles) character file.

Game seed: 16818249862698744989

61 KamiKatze the Sneak (level 3, -11/18 HPs)
             Began as a Spriggan Assassin on June 16, 2019.
             Killed by divine providence
             ... invoked by an orc priest
              (13 damage)
             ... on level 3 of the Dungeon.
             The game lasted 00:08:43 (1718 turns).

KamiKatze the Sneak (Spriggan Assassin)             Turns: 1718, Time: 00:08:43

Health: -11/18     AC:  5    Str:  8    XL:     3   Next: 83%
Magic:  4/4        EV: 16    Int: 12    God:
Gold:   72         SH:  7    Dex: 27    Spells: 2/2 levels left

rFire    . . .     SeeInvis +   b - +0 blowgun
rCold    . . .     Gourm    .   s - +0 buckler
rNeg     . . .     Faith    .   c - +0 robe
rPois    .         Spirit   .   (helmet restricted)
rElec    .         Reflect  .   h - +2 cloak {+Inv}
rCorr    .         Harm     .   (gloves unavailable)
MR       .....                  (boots unavailable)
Stlth    ++++......             (no amulet)
HPRegen  0.06/turn              m - +5 ring of dexterity
MPRegen  0.09/turn              r - +5 ring of dexterity

@: drained, very quick
A: very small, unfitting armour, see invisible, herbivore, speed 3, slow
metabolism 2
a: Evoke Invisibility


You were on level 3 of the Dungeon.
You were not hungry.

You visited 1 branch of the dungeon, and saw 3 of its levels.

You collected 72 gold pieces.

Inventory:

Hand Weapons
 a - a +3 dagger
 b - a +0 blowgun (weapon)
 j - a +0 short sword
Missiles
 e - 6 poisoned needles (quivered)
 f - a curare-tipped needle
 l - 77 stones
Armour
 c - a +0 robe (worn)
 h - a +2 cloak of invisibility (worn)
 s - a +0 buckler (worn)
Jewellery
 m - a +5 ring of dexterity (left hand)
 r - a +5 ring of dexterity (right hand)
Scrolls
 d - 2 scrolls of remove curse
 o - 2 scrolls of enchant armour
Potions
 i - 3 potions of curing
 k - a potion of heal wounds {unknown}
 q - a potion of degeneration {unknown}
 u - a potion of lignification {unknown}
 v - a potion of haste {unknown}
Comestibles
 g - 7 rations


   Skills:
 + Level 1.9(1.1) Fighting
 * Level 3.1(2.3) Short Blades
 + Level 2.4(1.6) Throwing
 + Level 2.3(1.4) Dodging
 + Level 6.3(5.3) Stealth
 + Level 0.5(0.0) Shields


You had 2 spell levels left.
You didn't know any spells.
Your spell library was empty.

Dungeon Overview and Level Annotations

Branches:
Dungeon (3/15)

Altars:

Annotations:
D:3 exclusion: orc priest


Innate Abilities, Weirdness & Mutations

You are very small and have problems with some larger weapons.
You are too small for most types of armour.
You have supernaturally acute eyesight. (SInv)
You are a herbivore.
You cover ground extremely quickly.
You need to consume almost no food.


Message History

You shoot a poisoned needle.
The poisoned needle hits the orc priest.
The orc priest is severely wounded.
The orc priest calls down the wrath of Beogh upon you.
Beogh smites you!
Ouch! That really hurt!
* * * LOW HITPOINT WARNING * * *
You hear a shout! x2
Firing (i - inventory. (/) - cycle)
e - 7 poisoned needles (quivered)
Press: ? - help, Shift-Dir - straight line, f/p - orc priest
Aim: an orc priest (severely wounded, slow, poisoned)
You shoot a poisoned needle.
The poisoned needle hits the orc priest.
The orc priest looks even sicker.
The orc priest is severely wounded.
You hear a shout!
The orc priest invokes the aid of Beogh against you.
Beogh smites you!
Ouch! That really hurt!
You die...

###.# #.<.#
##.### #..#
##.## #..#
(.#####
#.## #
........@.#
.......####
.......
.......
.......
#.#.##. .
#. #. # #.


You could see an orc priest.

Vanquished Creatures
  An adder (D:2)
  3 oozes (D:1)
  A worm (D:2)
  A dart slug (D:1)
  2 bats
  2 giant cockroaches
  7 goblins
  5 hobgoblins
  2 jackals (D:1)
  2 kobolds (D:1)
  2 quokkas (D:2)
  2 frilled lizards (D:2)
  3 rats
33 creatures vanquished.

Notes
Turn   | Place    | Note
-------+----------+-------------------------------------------
     0 | D:1      | KamiKatze the Spriggan Assassin began the quest for the
                  | Orb.
     0 | D:1      | Reached XP level 1. HP: 10/10 MP: 2/2
   391 | D:1      | Reached XP level 2. HP: 1/15 MP: 3/3
   752 | D:1      | Reached skill level 6 in Stealth
   941 | D:1      | Reached XP level 3. HP: 10/18 MP: 4/4
  1718 | D:3      | Killed from afar by an orc priest

Skill      XL: |  1  2  3 |
---------------+----------+-----
Dodging        | 2 |  2.3
Stealth        | 6 |  6.3
Short Blades   | 3 |  3.1
Fighting       | |  1.9
Throwing       | |  2.4
Shields        | |  0.5

Action                   || total
-------------------------++-------
Melee: Dagger            ||   121
 Fire: Blowgun           ||     6
Throw: Stone             ||     1
  Use: Scroll            ||     5
 Stab: Sleeping          ||     9
Armor: Robe              ||    16
Dodge: Dodged            ||    61
Block: Buckler           ||    30
